 Dungeon Crawl Stone Soup version 0.24-a0-341-g52ca42d3ec (webtiles) character file.

Game seed: 7016914668127096124

310 Azzok the Ruffian (level 6, -2/53 HPs)
             Began as a Troll Earth Elementalist on May 20, 2019.
             Killed from afar by Sigmund (6 damage)
             ... with a puff of flame
             ... on level 4 of the Dungeon.
             The game lasted 00:04:09 (2653 turns).

Azzok the Ruffian (Troll Earth Elementalist)        Turns: 2653, Time: 00:04:09

Health: -2/53      AC: 10    Str: 17    XL:     6   Next: 17%
Magic:  6/6        EV:  9    Int: 13    God:
Gold:   133        SH:  0    Dex: 10    Spells: 6/7 levels left

rFire    . . .     SeeInvis +     - Unarmed
rCold    . . .     Gourm    +   (no shield)
rNeg     . . .     Faith    .   c - +0 robe
rPois    .         Spirit   .   (helmet restricted)
rElec    .         Reflect  .   (no cloak)
rCorr    .         Harm     .   (gloves unavailable)
MR       .....                  (boots unavailable)
Stlth    +.........             (no amulet)
HPRegen  0.57/turn              k - ring of see invisible
MPRegen  0.10/turn              n - +4 ring of protection

@: berserk cooldown, slowed, heavily drained, very slow
A: large, unfitting armour, claws 3, fast metabolism 3, gourmand, regeneration
1, shaggy fur 1, tough skin 3
a: no special abilities


You were on level 4 of the Dungeon.
You were completely stuffed.

You visited 1 branch of the dungeon, and saw 4 of its levels.

You collected 133 gold pieces.

Inventory:

Missiles
 b - 100 stones (quivered)
Armour
 c - a +0 robe (worn)
Jewellery
 k - a ring of see invisible (left claw)
 n - a +4 ring of protection (right claw)
Scrolls
 a - 3 scrolls of remove curse {unknown}
 e - 4 scrolls of fear {unknown}
 f - 2 scrolls of identify {unknown}
 g - a scroll of immolation {unknown}
 i - 3 scrolls of teleportation {unknown}
 j - a scroll of blinking {unknown}
 m - a scroll of amnesia {unknown}
Potions
 h - a potion of lignification
Comestibles
 d - 9 rations
 o - 3 chunks of flesh


   Skills:
 - Level 1.5(0.2) Dodging
 - Level 1.0(0.0) Stealth
 + Level 6.1(4.6) Unarmed Combat
 - Level 1.2(0.0) Spellcasting
   Level 0.6(0.0) Transmutations
 - Level 2.6(1.2) Earth Magic


You had 6 spell levels left.
You knew the following spells:

 Your Spells              Type           Power        Failure   Level  Hunger
a - Sandblast             Erth           #.....       19%         1    ##.....

Your spell library contained the following spells:

 Spells                   Type           Power        Failure   Level  Hunger
 Passwall                 Tmut/Erth      #.......     36%         2    ###....
 Stone Arrow              Conj/Erth      #.....       58%         3    ####...
 Petrify                  Tmut/Erth      #.......     94%         4    #####..
 Lee's Rapid Deconstruct  Erth           #.........   99%         5    ######.


Dungeon Overview and Level Annotations

Branches:
Dungeon (4/15)
 Temple: D:4-7

Altars:

Annotations:
D:4 Dowan, Duvessa, Sigmund


Innate Abilities, Weirdness & Mutations

You are too large for most types of armour.
You have claws for hands.
Your metabolism is lightning-fast.
You like to eat raw meat.
Your natural rate of healing is unusually fast.
You are covered in fur. (AC +1)
You have extremely tough skin. (AC +3)


Message History

You feel less confused.
Sigmund casts a spell.
Sigmund flickers and vanishes for a moment.
Sigmund hits you but does no damage. Sigmund hits you but does no damage.
Sigmund hits you but does no damage.
Sigmund hits you from afar with a +0 scythe.
* * * LOW HITPOINT WARNING * * *
Sigmund points at you and mumbles some strange words.
The puff of flame hits you but does no damage.
You cannot move.
Sigmund hits you but does no damage.
You feel less wooden.
Your +0 robe unmelds from your body.
Sigmund points at you and mumbles some strange words.
The magic dart hits you.
* * * LOW HITPOINT WARNING * * *
Sigmund points at you and mumbles some strange words.
The puff of flame hits you.
You die...

··················≈···
········▒▒▒▒··········
·······▒▒ ▒▒········§
>·····▒ ▒▒··▒▒▒···
·····▒ ▒···▒▒ ▒▒▒
▒···▒ ▒····▒ ▒▒··
▒▒····▒▒ ▒······▒
▒▒··@@··▒ ▒···▒▒··▒
▒··▒▒▒···▒ ▒··· ▒▒··▒
▒··▒ ▒···· ▒··· ·@····
▒··▒ ······· ···
@·▒···· ····


You could see Sigmund (invisible).

Vanquished Creatures
  A hound (D:2)
  A centaur skeleton (D:4)
  Jessica (D:2)
  Terence (D:3)
  4 gnolls (D:3)
  8 adders
  A worm (D:2)
  A dart slug (D:1)
  3 leopard geckos
  2 orcs
  4 giant cockroaches
  6 goblins
  11 hobgoblins
  5 jackals
  3 quokkas
  A ball python (D:2)
  10 bats
  19 frilled lizards
  4 kobolds
  4 rats
90 creatures vanquished.

Notes
Turn   | Place    | Note
-------+----------+-------------------------------------------
     0 | D:1      | Azzok the Troll Earth Elementalist began the quest for the
                  | Orb.
     0 | D:1      | Reached XP level 1. HP: 16/16 MP: 1/1
    90 | D:1      | Reached skill level 1 in Unarmed Combat
   151 | D:1      | Reached XP level 2. HP: 24/24 MP: 2/2
   268 | D:1      | Reached skill level 2 in Unarmed Combat
   432 | D:1      | Reached XP level 3. HP: 31/31 MP: 3/3
   742 | D:2      | Reached skill level 3 in Unarmed Combat
   884 | D:2      | Reached XP level 4. HP: 36/39 MP: 4/4
   936 | D:1      | Reached skill level 4 in Unarmed Combat
  1091 | D:2      | Noticed Jessica
  1096 | D:2      | Killed Jessica
  1214 | D:2      | Reached XP level 5. HP: 45/45 MP: 5/5
  1230 | D:2      | Reached skill level 5 in Unarmed Combat
  2019 | D:3      | Noticed Terence
  2029 | D:3      | Killed Terence
  2432 | D:4      | Noticed Duvessa
  2432 | D:4      | Noticed Dowan
  2448 | D:3      | Reached XP level 6. HP: 53/53 MP: 6/6
  2520 | D:4      | Reached skill level 6 in Unarmed Combat
  2604 | D:4      | Noticed Sigmund
  2641 | D:4      | HP: 2/79 [Sigmund/puff of flame (7)]
  2653 | D:4      | Killed from afar by Sigmund

Levels and vault maps discovered:
D:1:      sevenhm_arrival_forest_fort_large_2, layout_rooms, minmay_lizard_king
D:2:      layout_basic, hangedman_decor_growths, minmay_misc_feat_chi,
          uniq_jessica
D:3:      layout_loops_ring, first_ration, uniq_terence
D:4:      layout_layer_cave, minitemple, kennysheep_decorative_pillar,
          grunt_qazlal_sundering, uniq_duvessa, uniq_sigmund

Skill      XL: |  1  2  3  4  5  6 |
---------------+-------------------+-----
Unarmed Combat | 1 2 3 4 5 6 |  6.1
Dodging        | |  1.5
Stealth        | |  1.0
Spellcasting   | |  1.2
Transmutations | |  0.6
Earth Magic    | |  2.6

Action                   |  1- 3 |  4- 6 || total
-------------------------+-------+-------++-------
Melee: Unarmed           |   103 |   169 ||   272
       Punch             |       |     2 ||     2
  Use: Potion            |       |     2 ||     2
 Stab: Sleeping          |       |     1 ||     1
  Eat: Chunk             |    14 |    16 ||    30
Armor: Robe              |    51 |    68 ||   119
       Skin              |       |    11 ||    11
Dodge: Dodged            |    60 |    77 ||   137

Table legend:
 A = Non-vault XP
 B = Vault XP
 C = Vault XP percentage of total XP
 D = Non-vault monster count
 E = Vault monster count
 F = Vault count percentage of total count
                 A         B        C        D         E       F
            +---------+---------+-------+---------+---------+-------
      Total |     353 |      90 |  20.3 |      73 |      17 |  18.9
            +---------+---------+-------+---------+---------+-------
        D:1 |      50 |      17 |  25.4 |      21 |      15 |  41.7
        D:2 |     146 |      37 |  20.2 |      28 |       1 |   3.4
        D:3 |      94 |      36 |  27.7 |      18 |       1 |   5.3
        D:4 |      63 |       0 |   0.0 |       6 |       0 |   0.0
            +---------+---------+-------+---------+---------+-------
